 Dungeon Sprint DCSS version 0.27.1-2-g3b301248ec (webtiles) character file.

Game seed: 14518695798237496733

2797 boopmooplesden the Cleaver (level 9, -1/92 HPs)
             Began as a Minotaur Fighter on Sept 22, 2021.
             Was a Believer of Okawaru.
             Slain by a flying skull (5 damage)
             ... in the Dungeon (Sprint II: "The Violet Keep of Menkaure").
             The game lasted 00:04:25 (940 turns).

boopmooplesden the Cleaver (Minotaur Fighter)        Turns: 940, Time: 00:04:26

Health: -1/92      AC: 10    Str: 29    XL:     9   Next: 43%
Magic:  7/8        EV: 10    Int:  5    God:    Okawaru [**....]
Gold:   623        SH: 13    Dex: 11    Spells: 8/8 levels left

rFire    . . .     SeeInvis .   a - +1 war axe
rCold    . . .     Faith    .   c - +0 kite shield
rNeg     . . .     Spirit   .   b - +0 scale mail
rPois    .         Reflect  .   (helmet restricted)
rElec    .         Harm     .   k - +1 cloak {Will+}
rCorr    .         Rampage  .   l - +0 pair of gloves
Will     +....     NoTele   +   (no boots)
Stlth    ..........             (no amulet)
HPRegen  0.25/turn              i - +6 ring of strength
MPRegen  0.11/turn              (no ring)

@: lethally poisoned (-1 -> -15), slowed, very slow
A: horns 2, retaliatory headbutt, deformed body
a: Renounce Religion, Heroism


You were in the Dungeon.
You worshipped Okawaru.
Okawaru was pleased with you.
You visited 1 branch You collected 914 gold pieces.
You spent 291 gold pieces at shops.

Inventory:

Hand Weapons
 a - a +1 war axe (weapon)
Armour
 b - a +0 scale mail (worn)
 c - a +0 kite shield (worn)
 k - a +1 cloak of willpower (worn)
 l - a +0 pair of gloves (worn)
Jewellery
 i - a +6 ring of strength (left hand)
 w - a +6 ring of strength
Scrolls
 d - 2 scrolls of amnesia {unknown}
 n - 2 scrolls of enchant armour {unknown}
 o - 2 scrolls of identify
Potions
 e - 2 potions of curing
 g - a potion of haste
 h - 5 potions of magic
 p - 4 potions of resistance
 r - a potion of degeneration
 s - a potion of lignification
 t - 4 potions of flight
 u - a potion of cancellation


   Skills:
 + Level 12.9 Fighting
 + Level 14.0 Axes
 + Level 12.9 Armour
 + Level 1.4 Dodging
 + Level 0.1 Stealth
 + Level 12.7 Shields


You had 8 spell levels left.
You didn't know any spells.
Your spell library contained the following spells:

 Spells                   Type           Power      Damage    Failure   Level
 Stone Arrow              Conj/Erth      0%         3d7       98%         3
 Bolt of Magma            Conj/Fire/Erth 0%         4d4       100%        5
 Shatter                  Erth           0%         3d5*      100%        9


Dungeon Overview and Level Annotations

Branches:
Dungeon (1/1)

Altars:
Cheibriados
Dithmenos
Elyvilon
Fedhas
Gozag
Hepliaklqana
Kikubaaqudgha
Makhleb
Nemelex Xobeh
Okawaru
Qazlal
Ru
Sif Muna
Trog
Uskayaw
Vehumet
Wu Jian
Xom
Yredelemnul
Zin
The Shining One
Beogh
Jiyva
Lugonu

Shops:
D :=:=[(!*[*=!!?*

Annotations:
D exclusion: oklob plant


Innate Abilities, Weirdness & Mutations

You have a pair of horns on your head.
You reflexively headbutt those who attack you in melee.
Armour fits poorly on your strangely shaped body.


Message History

You miss the flying skull.
Your scale mail prevents you from hitting the flying skull.
You are engulfed in dark miasma.
You are more poisoned.
* * * LOW HITPOINT WARNING * * *
You feel extremely sick.
You block the flying skull's attack. x2; The flying skull closely misses you.
The flying skull hits you.
* * * LOW HITPOINT WARNING * * *
The flying skull closely misses you. You furiously retaliate!
You headbutt the flying skull.
Blink to where?
Press: ? - help, Dir - move target
As you read the scroll of blinking, it crumbles to dust.
* * * LOW HITPOINT WARNING * * *
You feel extremely sick.
The flying skull hits you but does no damage.
You block the flying skull's attack.
You feel much better.
* * * LOW HITPOINT WARNING * * *
You feel extremely sick. You block the flying skull's attack.
The flying skull misses you.
You feel much better.
You feel like a meek peon again.
* * * LOW HITPOINT WARNING * * *
You feel extremely sick. The flying skull hits you.
* * * LOW HITPOINT WARNING * * *
The flying skull hits you.
* * * LOW HITPOINT WARNING * * *
You block the flying skull's attack. The flying skull hits you.
* * * LOW HITPOINT WARNING * * *
The flying skull barely misses you.
You miss the flying skull. You headbutt the flying skull.
The flying skull is heavily damaged.
Your shield and scale mail prevent you from hitting the flying skull.
* * * LOW HITPOINT WARNING * * *
You feel very sick. You block the flying skull's attack.
The flying skull hits you.
You die...

##≈°○≈°°≈. ▓▓+▓▓▓▓ +.≈°°○○°○°
+°°.▓0. #≈○.○°°○☼ #°..▓▓▓
≈##○☼≈.○○z #°○.▓≈§
#####≈≈#+++#'zz## #°°▓▓▓
####≈≈≈.....zzzz# #○)▓..
.∩.#≈≈≈≈.##'##zz# #. #))▓[[
∩..#≈≈≈≈####.##z#### +.##.#|)▓).
...#≈≈≈≈#..##.#z@..# ...####▓[(
...#≈≈####...####..## #^.# .#▓..
...#≈##.###'## .##..# +^.# .#▓)[
∩..#≈#...##.##B..#..# #..# .#▓..
.∩.'≈'##.'.<.+# +..####^.##.#▓(.
∩.∩#≈#.####.##...#....###.^.##▓▓▓
▓###≈##.###'## B##......≈≈≈≈≈≈≈≈≈
####≈≈####.).## #≈≈...§.≈#)######
##≈≈≈#..#..#≈≈≈≈§≈≈..≈#..._._.


You could see 11 flying skulls.

Vanquished Creatures
  A merfolk siren (D)
  A yaktaur (D)
  3 polar bears (D)
  A hornet (D)
  A blink frog (D)
  A flying skull (D)
  4 neqoxecs (D)
  Menkaure (D)
  4 water moccasins (D)
  3 worms (D)
20 creatures vanquished.

Vanquished Creatures (others)
  A water moccasin (D)
  8 tentacles (D)
9 creatures vanquished.

Grand Total: 29 creatures vanquished

Notes
Turn   | Place    | Note
-------+----------+-------------------------------------------
     0 | D        | boopmooplesden the Minotaur Fighter began the quest for the
                  | Orb.
     0 | D        | Reached XP level 1. HP: 19/19 MP: 0/0
     1 | D        | Noticed a boulder beetle
     1 | D        | Noticed a boulder beetle
     4 | D        | Noticed a neqoxec
     4 | D        | Noticed a neqoxec
     4 | D        | Noticed a neqoxec
     4 | D        | Noticed a neqoxec
     8 | D        | Killed a neqoxec
     9 | D        | Reached skill level 4 in Axes
     9 | D        | Reached XP level 2. HP: 34/34 MP: 1/1
     9 | D        | Reached XP level 3. HP: 39/39 MP: 2/2
     9 | D        | Reached XP level 4. HP: 47/47 MP: 3/3
    13 | D        | Killed a neqoxec
    14 | D        | Reached skill level 6 in Axes
    14 | D        | Reached XP level 5. HP: 56/56 MP: 4/4
    17 | D        | Gained mutation: Armour fits poorly on your strangely
                  | shaped body. [a neqoxec]
    18 | D        | Killed a neqoxec
    19 | D        | Reached skill level 7 in Axes
    19 | D        | Reached XP level 6. HP: 63/66 MP: 5/5
    19 | D        | Killed a neqoxec
    20 | D        | Reached skill level 10 in Fighting
    20 | D        | Reached skill level 10 in Armour
    67 | D        | Noticed a merfolk siren
    77 | D        | Killed a merfolk siren
    78 | D        | Reached skill level 9 in Axes
    78 | D        | Reached skill level 10 in Shields
    78 | D        | Reached XP level 7. HP: 53/74 MP: 6/6
    89 | D        | Noticed Menkaure
    92 | D        | Killed Menkaure
   322 | D        | Found Venaifit's General Store.
   323 | D        | Found Gailleito's Distillery.
   323 | D        | Found Ypock's Jewellery Shop.
   323 | D        | Found Belio's Antique Weapon Boutique.
   323 | D        | Found Otoc's Assorted Antiques.
   323 | D        | Found Zawat's Antique Armour Shop.
   323 | D        | Found Egops's Distillery.
   323 | D        | Found Enoips's Assorted Antiques.
   323 | D        | Found Acibbyoxak's Jewellery Boutique.
   323 | D        | Found Jomeolog's Distillery.
   329 | D        | Found Jinint's Magic Scroll Boutique.
   329 | D        | Found Bufan's Antique Armour Shop.
   329 | D        | Found Atui's Book Shop.
   329 | D        | Found Wiobruud's Jewellery Boutique.
   329 | D        | Noticed a polar bear
   329 | D        | Noticed a polar bear
   334 | D        | Reached skill level 10 in Axes
   334 | D        | Reached XP level 8. HP: 82/82 MP: 7/7
   339 | D        | Noticed a blink frog
   358 | D        | Killed a blink frog
   360 | D        | Noticed an oklob plant
   361 | D        | Found Vyssiag's Book Shoppe.
   365 | D        | Bought a runed cloak for 165 gold pieces
   379 | D        | Bought a pair of gloves for 126 gold pieces
   417 | D        | Noticed a flying skull
   417 | D        | Noticed a flying skull
   417 | D        | Noticed a flying skull
   417 | D        | Noticed a flying skull
   417 | D        | Noticed a flying skull
   417 | D        | Noticed a flying skull
   418 | D        | Noticed a flying skull
   418 | D        | Noticed a flying skull
   418 | D        | Noticed a flying skull
   419 | D        | Noticed a flying skull
   423 | D        | Noticed a flying skull
   428 | D        | Found a glowing golden altar of the Shining One.
   428 | D        | Found an ornate altar of the Wu Jian Council.
   430 | D        | Found a shimmering altar of Xom.
   430 | D        | Found a sacrificial altar of Ru.
   430 | D        | Found a stormy altar of Qazlal.
   431 | D        | Found a basalt altar of Yredelemnul.
   431 | D        | Found a shimmering blue altar of Sif Muna.
   431 | D        | Found a viscous altar of Jiyva.
   432 | D        | Found a glowing silver altar of Zin.
   432 | D        | Found a bloodstained altar of Trog.
   432 | D        | Found an ancient bone altar of Kikubaaqudgha.
   433 | D        | Found a hide-covered altar of Uskayaw.
   433 | D        | Found a corrupted altar of Lugonu.
   433 | D        | Found a shadowy altar of Dithmenos.
   434 | D        | Found a radiant altar of Vehumet.
   434 | D        | Found a burning altar of Makhleb.
   434 | D        | Found a white marble altar of Elyvilon.
   435 | D        | Found a sparkling altar of Nemelex Xobeh.
   435 | D        | Found a blossoming altar of Fedhas.
   437 | D        | Found an iron altar of Okawaru.
   437 | D        | Found an opulent altar of Gozag.
   437 | D        | Found a hazy altar of Hepliaklqana.
   437 | D        | Found a snail-covered altar of Cheibriados.
   437 | D        | Noticed a hornet
   437 | D        | Noticed a polar bear
   437 | D        | Noticed a polar bear
   438 | D        | Noticed a yaktaur
   438 | D        | Noticed a polar bear
   447 | D        | Became a worshipper of Warmaster Okawaru
   461 | D        | Killed a polar bear
   462 | D        | Reached skill level 11 in Axes
   464 | D        | Killed a polar bear
   466 | D        | Killed a polar bear
   466 | D        | Reached * piety under Okawaru
   467 | D        | Reached skill level 12 in Axes
   472 | D        | Killed a hornet
   473 | D        | Reached XP level 9. HP: 74/91 MP: 8/8
   474 | D        | Killed a yaktaur
   475 | D        | Reached skill level 13 in Axes
   475 | D        | Reached skill level 1 in Dodging
   485 | D        | Noticed a kraken
   782 | D        | Found the +3 pair of gauntlets of War {Slay+5}
   932 | D        | Reached ** piety under Okawaru
   933 | D        | Reached skill level 14 in Axes
   937 | D        | HP: 1/92 [poison (dark miasma)]
   940 | D        | Slain by a flying skull

Illustrated notes

Levels and vault maps discovered:
D:        the_violet_keep_of_menkaure [sprint2_stairs_cluster_1,
          sprint2_shoproom, sprint2_temple, sprint2_basic_supplies,
          sprint2_obstacle_5, sprint2_obstacle_4, sprint2_obstacle_1,
          sprint2_obstacle_2, sprint2_obstacle_6, sprint2_timed_cluster_1,
          sprint2_smallroom_cluster_1, sprint2_smallroom_final_cluster_1,
          sprint2_transparent_cluster_1, sprint2_second_timed_cluster_1,
          sprint2_sniper_area_1, sprint2_heavy_combat_area_1,
          sprint2_mutation_trap_area_1, sprint2_forest_area_1,
          sprint2_light_combat_area_1, sprint2_behind_water_1,
          sprint2_near_end_vault_1]

Skill      XL: |  1  2  3  4  5  6  7  8  9 |
---------------+----------------------------+-----
Fighting       | 7 8 9 11 12 | 12.9
Axes           | 4 6 7 9 10 12 14 | 14.0
Armour         | 7 8 9 11 12 | 12.9
Shields        | 7 8 9 10 11 12 | 12.7
Dodging        | 1 |  1.4
Stealth        | |  0.1

Action                   |  1- 3 |  4- 6 |  7- 9 || total
-------------------------+-------+-------+-------++-------
Melee: War axe           |     3 |    19 |    48 ||    70
       Headbutt          |       |     7 |    14 ||    21
Invok: Heroism           |       |       |     1 ||     1
  Use: Potion            |     1 |       |     3 ||     4
       Scroll            |       |       |     9 ||     9
Armor: Scale mail        |       |     1 |    26 ||    27
Dodge: Dodged            |     1 |     2 |    22 ||    25
Block: Kite shield       |     1 |     4 |    46 ||    51
